 Dungeon Crawl Stone Soup version 0.28.0-49-g6dfe1f597d (webtiles) character file.

Game seed: 4455866776945497117

436 bnorton916 the Magician (level 7, 0/45 HPs)
             Began as a Djinni Ice Elementalist on May 12, 2022.
             Was an Initiate of Qazlal.
             Slain by an ogre
             ... wielding a +0 giant club
              (11 damage)
             ... on level 4 of the Dungeon.
             The game lasted 00:10:40 (7555 turns).

bnorton916 the Magician (Djinni Ice Elementalist)   Turns: 7555, Time: 00:10:40

Health: 0/45       AC:  4    Str:  7    XL:     7   Next: 21%
Gold:   7          EV: 16    Int: 18    God:    Qazlal [......] SH:  0 Dex: 14

rFire   + + .      SeeInvis .   l - +0 long sword (holy)
rCold   x . .      Faith    .   (no shield)
rNeg    . . .      Spirit   .   q - +1 leather armour {Will+}
rPois   ∞          Reflect  .   (no helmet)
rElec   .          Harm     .   (no cloak)
rCorr   .          Rampage  .   (no gloves)
Will    +....                   (boots unavailable)
Stlth   ++........              (no amulet)
HPRegen 0.15/turn               h - +4 ring of evasion
MPRegen 0.00/turn               (no ring)

@: freezing walls, flying, very slightly contaminated
A: sickness immunity, fire resistance 2, cold vulnerability 1, float, innate
caster, HP casting, extra vitality 1
a: Renounce Religion


You were on level 4 of the Dungeon.
You worshipped Qazlal.
Qazlal was noncommittal.
You visited 1 branch of the dungeon, and saw 4 of its levels.

You collected 137 gold pieces.
You spent 130 gold pieces at shops.

Inventory:

Hand Weapons
 l - a +0 long sword of holy wrath (weapon)
 n - the +10 hand axe "Agikom" {drain, *Noise rElec rPois Will+}
   (You found it on level 4 of the Dungeon)

   A truly terrible weapon, it drains the life of any living foe it strikes.
   rElec:     It insulates you from electricity.
   rPois:     It protects you from poison.
   *Noise:    It may make noises in combat.
   Will:      It increases your willpower.
Missiles
 d - 6 javelins
Armour
 p - the +1 robe "Efumm" {rF- rCorr Slay+5}
   (You found it on level 4 of the Dungeon)

   Slay:      It affects your accuracy & damage with ranged weapons and melee
   (+5).
   rF:        It makes you vulnerable to fire.
   rCorr:     It protects you from acid and corrosion.
 q - a +1 leather armour of willpower (worn)
Jewellery
 f - an amulet of faith
 h - a +4 ring of evasion (left hand)
Scrolls
 b - 6 scrolls of identify {unknown}
 c - a scroll of immolation {unknown}
 e - a scroll of amnesia {unknown}
 j - a scroll of brand weapon {unknown}
 o - a scroll of enchant weapon {unknown}
Potions
 a - a potion of invisibility {unknown}
 g - 2 potions of mutation {unknown}
 k - a potion of haste {unknown}
 m - a potion of curing {unknown}


   Skills:
 - Level 4.0 Armour
 - Level 3.0 Dodging
 - Level 1.5 Stealth
 + Level 5.1 Spellcasting


You couldn't memorise any spells.
You knew the following spells:

 Your Spells              Type           Power      Damage    Failure   Level
a - Freeze                Ice            92%        1d10      2%          1
b - Frozen Ramparts       Ice            46%        1d6       7%          3
c - Ozocubu's Armour      Ice            23%        N/A       7%          3
d - Hailstorm             Conj/Ice       23%        3d7       22%         4
e - Shock                 Conj/Air       92%        1d8       2%          1
f - Blink                 Tloc           46%        N/A       3%          2
g - Searing Ray           Conj           46%        2d6       3%          2
Your spell library was empty.

Dungeon Overview and Level Annotations

Branches:
Dungeon (4/15)             Temple (0/1) D:4

Altars:
Ashenzari
Qazlal
Uskayaw
Wu Jian
The Shining One

Shops:
D:1 [   D:4 (([


Innate Abilities, Weirdness & Mutations

You are immune to sickness and miasma.
You are immune to poison.
Your flesh is very heat resistant. (rF++)
You are vulnerable to cold. (rC-)
You float through the air rather than walking.
You learn spells naturally, not from books.
Your magical power is your life essence.
You have superior vitality. (+4 MHP)


Message History

a +0 flail; a boomerang; an orc corpse You hover solemnly before the altar of Qazlal.
Qazlal welcomes you!
Qazlal grants you and your divine allies immunity to clouds.
Unknown command.
Press < or > to pray at altars.
There is a large open translucent door here.
There is an open door here.
An ogre comes into view. It is wielding a +0 giant club.
An ogre is nearby!
The ogre shouts!
Casting: Freeze (safe; 2% risk of failure)
Confirm with . or Enter, or press ? or * to list all spells.
Aiming: Freeze (safe; 2% risk of failure)
Press: ? - help, Shift-Dir - straight line, f - ogre
Aim: an ogre, wielding a +0 giant club You freeze the ogre.
The ogre is lightly wounded.
The ogre hits you with a +0 giant club!!
Ouch! That really hurt!
Casting: Freeze (safe; 2% risk of failure)
Confirm with . or Enter, or press ? or * to list all spells.
Casting: Frozen Ramparts (dangerous; 7% risk of failure)
Press: ? - help, Dir - look around, f - activate The walls around you are covered in ice.
The wall freezes the ogre.
The ogre hits you with a +0 giant club.
* * * LOW HITPOINT WARNING * * *
Unknown command.
Casting: Frozen Ramparts (dangerous; 7% risk of failure)
Confirm with . or Enter, or press ? or * to list all spells.
You miscast Ozocubu's Armour.
You are very lightly contaminated with residual magic.
Nothing appears to happen.
* * * LOW HITPOINT WARNING * * *
Unknown command.
You hit the ogre.
The ogre is heavily wounded.
The wall freezes the ogre.
The ogre barely misses you.
The wall freezes the ogre!
The ogre hits you with a +0 giant club!
You die...

.. ... .# ... .. ..## ). . ...
... ............##. ..#
#.............. #..#
............... ...
.....##........##O## ##
.....#....####..@..#...#.
...........##......#....
.......#.........##...#
.................###.##
...)......#..........##
#.###.....#..####.....##
####.........###.......### #
#.........#...........########
######.......##..............#


You could see an ogre.

Vanquished Creatures
  An ogre (D:4)
  A necrophage (D:4)
  2 orc wizards
  3 iguanas
  5 adders
  4 dart slugs (D:1)
  9 orcs
  3 ball pythons
  8 bats
  4 endoplasms
  6 giant cockroaches
  5 goblins
  5 hobgoblins
  4 jackals (D:1)
  3 quokkas
  3 frilled lizards
  6 kobolds
  4 rats
76 creatures vanquished.

Notes
Turn   | Place    | Note
-------+----------+-------------------------------------------
     0 | D:1      | bnorton916 the Djinni Ice Elementalist began the quest for
                  | the Orb.
     0 | D:1      | Reached XP level 1. HP: 15/15 MP: 0/0
   292 | D:1      | Found a faded altar of an unknown god.
   301 | D:1      | Reached XP level 2. HP: 19/21 MP: 0/0
  1412 | D:1      | Found Cam Uzif's Antique Armour Boutique.
  1435 | D:1      | Reached XP level 3. HP: 20/25 MP: 0/0
  1435 | D:1      | Learned a level 1 spell: Shock
  2698 | D:2      | Reached skill level 1 in Armour
  2715 | D:2      | Reached XP level 4. HP: 25/31 MP: 0/0
  3911 | D:3      | Found a hide-covered altar of Uskayaw.
  3917 | D:3      | Found a glowing golden altar of the Shining One.
  3920 | D:3      | Found an ornate altar of the Wu Jian Council.
  4055 | D:3      | Reached skill level 4 in Spellcasting
  4320 | D:3      | Reached XP level 5. HP: 31/35 MP: 0/0
  4320 | D:3      | Learned a level 2 spell: Blink
  4880 | D:4      | Noticed a necrophage
  5231 | D:4      | Found Funahir's Weapon Shop.
  6529 | D:4      | Reached XP level 6. HP: 32/40 MP: 0/0
  6696 | D:4      | Identified the +10 hand axe "Agikom" {drain, *Noise rElec
                  | rPois Will+}
  6703 | D:4      | Killed a necrophage
  6972 | D:4      | Found Useng's Weapon Shop.
  7083 | D:4      | Identified the +1 robe "Efumm" {rF- rCorr Slay+5}
  7139 | D:4      | Found a staircase to the Ecumenical Temple.
  7165 | D:4      | Noticed an ogre
  7174 | D:4      | Killed an ogre
  7175 | D:4      | Reached skill level 5 in Spellcasting
  7175 | D:4      | Reached XP level 7. HP: 35/45 MP: 0/0
  7175 | D:4      | Learned a level 2 spell: Searing Ray
  7301 | D:1      | Bought a runed leather armour for 130 gold pieces
  7431 | D:4      | Found Jausedy's Armour Shoppe.
  7468 | D:4      | Found a large runed translucent door.
  7469 | D:4      | Found a large runed translucent door.
  7497 | D:4      | Found a broken altar of Ashenzari.
  7507 | D:4      | Found a stormy altar of Qazlal.
  7514 | D:4      | Became a worshipper of Qazlal Stormbringer
  7555 | D:4      | Slain by an ogre

Illustrated notes

Levels and vault maps discovered:
D:1:      tarquinn_simple_flora_water_c, layout_basic,
          shapermc_ecumenical_altar_venn, serial_shops,
          nicolae_shop_statue_plus, minmay_cupped
D:2:      layout_loops_ring, minmay_crystal_room
D:3:      layout_basic, minitemple, bh_walls_and_bars
D:4:      layout_cave_pools, nemelex_diamond_rough_becter,
          jmf_multi_god_temple2, mainiacjoe_overflow_paths,
          minmay_temple_entry_slanted, serial_shops, nicolae_stop_n_shop_2,
          shop, nicolae_shop_hallway_stairs, shop, minmay_crystal_water,
          minmay_diced_spiral

Skill      XL: |  1  2  3  4  5  6 |
---------------+-------------------+-----
Dodging        | 3 |  3.0
Armour         | 1 2 3 4 |  4.0
Spellcasting   | 4 5 |  5.1
Stealth        | |  1.5

Action                   |  1- 3 |  4- 6 |  7- 9 || total
-------------------------+-------+-------+-------++-------
Melee: Unarmed           |     2 |     2 |       ||     4
       Long sword        |       |    17 |     3 ||    20
 Cast: Freeze            |    50 |    50 |     3 ||   103
       Frozen Ramparts   |     2 |    14 |     2 ||    18
       Blink             |       |     1 |       ||     1
       Ozocubu's Armour  |       |     1 |       ||     1
       Shock             |       |       |     2 ||     2
 Stab: Sleeping          |       |     1 |       ||     1
Armor: Robe              |     5 |     5 |       ||    10
Dodge: Dodged            |    33 |    54 |     4 ||    91
